 Dungeon Crawl Stone Soup version 0.19.4 (webtiles) character file.

128 karakuro the Skirmisher (level 5, -5/49 HPs)
             Began as a Kobold Berserker on Feb 4, 2017.
             Was a Believer of Trog.
             Slain by an orc priest
             ... wielding a +0 short sword
              (7 damage)
             ... on level 3 of the Dungeon.
             The game lasted 00:23:34 (1953 turns).

karakuro the Skirmisher (Kobold Berserker)          Turns: 1953, Time: 00:23:35

Health: -5/49      AC:  3    Str: 21    XL:     5   Next: 34%
Magic:  5/5        EV: 15    Int:  8    God:    Trog [**....]
Gold:   125        SH:  0    Dex: 14    Spells: 0 memorised, 4 levels left

rFire  + . .     SeeInvis .     y - +0 mace
rCold  . . .     Gourm    .     z - +0 leather armour
rNeg   . . .     Faith    .     (shield restricted)
rPois  .         Spirit   .     (no helmet)
rElec  .         Reflect  .     (no cloak)
rCorr  .         Harm     .     (no gloves)
MR     .....                    (no boots)
Stlth  ..........               (no amulet)
                                (no ring)
                                a - ring of protection from fire

@: berserking, very quick
A: carnivore 3
a: Berserk, Trog's Hand, Burn Spellbooks, Renounce Religion


You were on level 3 of the Dungeon.
You worshipped Trog.
Trog was pleased with you.
You were very full.

You visited 1 branch of the dungeon, and saw 3 of its levels.

You collected 125 gold pieces.

Inventory:

Hand Weapons
 w - a +0 long sword
 y - a +0 mace (weapon)
Missiles
 j - 83 arrows
 v - 6 poisoned needles
Armour
 h - a +0 scale mail
 z - a +0 leather armour (worn)
Jewellery
 a - a ring of protection from fire (left hand)
Wands
 p - a wand of flame (31/48)
Scrolls
 f - a scroll of remove curse
 t - a scroll of teleportation
 u - 2 scrolls of identify
Potions
 g - 2 potions of flight {unknown}
 l - 2 potions of curing
Comestibles
 c - 3 meat rations
 k - a beef jerky
 n - 4 chunks of flesh


   Skills:
 + Level 4.2 Fighting
 + Level 3.9 Maces & Flails
 + Level 2.0 Armour
 + Level 3.4 Dodging


You had 4 spell levels left.
You didn't know any spells.

Dungeon Overview and Level Annotations

Branches:
Dungeon (3/15)

Altars:


Innate Abilities, Weirdness & Mutations

You are small and have problems with some larger weapons.
You are carnivorous and can eat meat at any time.


Message History

You hit the orc priest but do no damage.
The orc priest is heavily wounded.
The orc priest closely misses you.
You barely miss the orc priest.
The orc priest is heavily wounded.
The orc priest hits you with a short sword.
A red film seems to cover your vision as you go berserk!
You feel yourself moving faster!
You feel mighty! The orc priest closely misses you.
You hit the orc priest but do no damage.
The orc priest is heavily wounded.
The orc priest calls down the wrath of Beogh upon you.
Beogh smites you!
* * * LOW HITPOINT WARNING * * *
You hear a shout!
You are too berserk!
You closely miss the orc priest.
The orc priest is heavily wounded.
The orc priest hits you with a short sword!
You die...

# #.. . # #..####. #
#...... #### ...... ...#
....# ##.# #.#.# .. ##.#
##.#(###.... ...#
##....o......
...#########..(#@##.....
..............(...+ ....
..##########.....## ...
..# ##.#.## .. ### ###.#
. # #.# # #.# # ... #
#.#


You could see an orc priest.

Vanquished Creatures
  6 adders
  2 dart slugs
  4 leopard geckos
  2 orcs (D:3)
  2 ball pythons
  8 bats (D:2)
  4 giant cockroaches
  6 hobgoblins
  6 jackals
  3 quokkas (D:2)
  A frilled lizard (D:1)
  6 goblins
  6 kobolds
  10 rats
66 creatures vanquished.

Notes
Turn   | Place    | Note
-------+----------+-------------------------------------------
     0 | D:1      | karakuro the Kobold Berserker began the quest for the Orb.
     0 | D:1      | Reached XP level 1. HP: 14/14 MP: 1/1
   294 | D:1      | Reached XP level 2. HP: 19/19 MP: 2/2
   499 | D:1      | Reached XP level 3. HP: 13/24 MP: 3/3
   686 | D:1      | Reached ** piety under Trog
  1085 | D:2      | Reached skill level 4 in Fighting
  1162 | D:2      | Reached XP level 4. HP: 21/29 MP: 4/4
  1792 | D:3      | Reached XP level 5. HP: 33/33 MP: 5/5
  1952 | D:3      | HP: 2/49 [orc priest/divine providence (15)]
  1953 | D:3      | Slain by an orc priest

Skill      XL: |  1  2  3  4  5 |
---------------+----------------+-----
Maces & Flails | 3 |  3.9
Fighting       | 4 |  4.2
Dodging        | 3 |  3.4
Armour         | 2 |  2.0

Action                   |  1- 3 |  4- 6 || total
-------------------------+-------+-------++-------
Melee: Mace              |   167 |   115 ||   282
Invok: Berserk           |     3 |     2 ||     5
Evoke: Wand              |       |     1 ||     1
  Use: Potion            |     1 |       ||     1
       Scroll            |     6 |     3 ||     9
 Stab: Sleeping          |     1 |       ||     1
  Eat: Chunk             |    11 |     5 ||    16
Armor: Animal skin       |     5 |       ||     5
       Scale mail        |    57 |    42 ||    99
       Plate armour      |     1 |       ||     1
       Leather armour    |       |     1 ||     1
Dodge: Dodged            |   198 |    87 ||   285
